Map: Orbital Shipyard

Players

IShootTurtle - Winner!

  • Race: Protoss Protoss
  • League: Gold

xXxOGWanxXx

  • Race: Protoss Protoss
  • League: Gold

VOD

Have the link to the VOD?

Description

Time

  • Played on: March 20, 2016, 2:40 p.m.
  • Length: 14:31
Show
View Real Time Build Order
Export as new Build Order

IShootTurtle Protoss - Winner!

Build Orders: Nexus First 

Get SALT Encoding   

  12  0:00  Probe (Chrono Boost)  
  13  0:11  Probe (Chrono Boost)  
  14  0:18  Pylon  
  14  0:24  Probe (Chrono Boost)  
  15  0:37  Probe (Chrono Boost)  
  16  0:47  Probe (Chrono Boost)  
  17  1:02  Nexus  
  17  1:09  Gateway  
  17  1:13  Probe (Chrono Boost)  
  18  1:18  Assimilator  
  18  1:23  Probe (Chrono Boost)  
  19  1:37  Probe (Chrono Boost)  
  20  1:44  Pylon  
  20  1:47  Probe (Chrono Boost)  
  21  2:01  Cybernetics Core  
  21  2:24  Probe (Chrono Boost)  
  21  2:26  Probe (Chrono Boost)  
  23  2:34  Probe (Chrono Boost)  
  24  2:37  Probe (Chrono Boost)  
  24  2:43  Cybernetics Core  
  25  2:45  Probe (Chrono Boost)  
  25  2:48  Probe (Chrono Boost)  
  25  2:50  Assimilator  
  27  2:58  Pylon  
  27  3:12  Assimilator  
  27  3:14  Pylon  
  27  3:18  Probe (Chrono Boost)  
  29  3:22  Mothership Core (Chrono Boost)  
  30  3:37  Probe (Chrono Boost)  
  30  3:39  Warp Gate (Chrono Boost)  
  30  3:40  Probe (Chrono Boost)  
  32  3:44  Gateway  
  31  4:01  Probe x2 (Chrono Boost)  
  33  4:11  Gateway  
  33  4:29  Probe (Chrono Boost)  
  34  4:47  Stalker  
  36  5:09  Nexus  
  36  5:11  Assimilator  
  36  5:13  Pylon  
  36  5:20  Cybernetics Core  
  36  5:31  Probe (Chrono Boost)  
  37  5:42  Probe (Chrono Boost)  
  38  5:51  Zealot x2  
  38  5:53  Probe (Chrono Boost)  
  44  6:04  Probe (Chrono Boost)  
  44  6:13  Robotics Facility  
  44  6:14  Probe (Chrono Boost)  
  45  6:20  Pylon  
  45  6:22  Probe (Chrono Boost)  
  45  6:25  Probe (Chrono Boost)  
  47  6:27  Stalker x2  
  47  6:32  Probe (Chrono Boost)  
  52  6:35  Probe (Chrono Boost)  
  53  6:41  Forge  
  53  6:50  Robotics Facility  
  53  6:55  Stalker x2  
  57  7:05  Immortal (Chrono Boost)  
  57  7:08  Probe (Chrono Boost)  
  61  7:10  Probe  
  61  7:15  Assimilator  
  63  7:18  Stalker  
  63  7:19  Stalker  
  67  7:23  Probe  
  67  7:25  Probe  
  69  7:35  Protoss Ground Weapons Level 1  
  69  8:01  Nexus  
  69  8:05  Assimilator  
  69  8:08  Pylon  
  69  8:09  Pylon  
  69  8:16  Stalker  
  69  8:21  Pylon  
  73  8:27  Immortal (Chrono Boost)  
  73  8:29  Probe  
  73  8:31  Probe  
  75  8:37  Pylon  
  75  8:38  Zealot  
  75  8:39  Probe  
  75  8:40  Pylon  
  77  8:41  Zealot  
  77  8:43  Probe  
  81  8:50  Probe, Twilight Council  
  82  9:01  Immortal (Chrono Boost)  
  86  9:06  Probe  
  86  9:08  Probe  
  88  9:16  Probe  
  88  9:20  Probe  
  90  9:25  Stalker x2  
  90  9:29  Gateway  
  94  9:32  Gateway  
  94  9:34  Dark Shrine  
  94  9:52  Nexus, Zealot  
  96  9:53  Pylon, Zealot  
  96  9:54  Pylon  
  96  9:56  Assimilator x2  
  98  10:06  Immortal (Chrono Boost), Protoss Ground Weapons Level 2  
  102  10:21  Stalker x2  
  102  10:23  Probe  
  102  10:24  Probe  
  102  10:26  Probe  
  109  10:40  Immortal (Chrono Boost)  
  117  10:46  Immortal (Chrono Boost), Charge  
  117  10:58  Photon Cannon  
  117  11:01  Photon Cannon  
  117  11:05  Dark Templar x4  
  117  11:09  Archon  
  117  11:10  Archon  
  125  11:14  Observer (Chrono Boost)  
  126  11:23  Probe x2  
  126  11:24  Probe  
  126  11:25  Probe  
  130  11:27  Photon Cannon  
  130  11:32  Pylon  
  130  11:34  Probe  
  131  11:41  Zealot x4  
  137  11:55  Immortal (Chrono Boost)  
  137  12:00  Immortal (Chrono Boost)  
  145  12:02  Probe x2  
  145  12:03  Probe  
  145  12:04  Probe  
  149  12:11  Zealot x4  
  157  12:23  Protoss Ground Armor Level 1  
  157  12:29  Immortal (Chrono Boost)  
  161  12:38  Gateway  
  161  12:41  Gateway  
  161  12:42  Pylon  
  161  12:43  Gateway  
  161  12:44  Gateway, Pylon  
  161  12:47  Pylon  
  161  12:48  Pylon  
  161  12:52  Zealot  
  163  13:06  Immortal (Chrono Boost)  
  127  13:21  Zealot x4  
  131  13:45  Immortal (Chrono Boost)  
  139  13:50  Immortal (Chrono Boost)  
  139  13:59  Zealot  
  139  14:00  Zealot x3  
Show
View Real Time Build Order
Export as new Build Order

xXxOGWanxXx Protoss 

Build Orders: Cannon Rush 

Get SALT Encoding   

  12  0:01  Probe (Chrono Boost)  
  13  0:20  Probe (Chrono Boost), Pylon  
  14  0:31  Probe (Chrono Boost)  
  15  0:51  Pylon  
  15  0:53  Forge  
  15  1:00  Pylon  
  15  1:07  Probe (Chrono Boost)  
  16  1:15  Gateway  
  16  1:18  Probe (Chrono Boost)  
  17  1:29  Photon Cannon  
  17  1:40  Photon Cannon  
  17  1:52  Photon Cannon  
  17  2:01  Pylon  
  17  2:04  Probe (Chrono Boost)  
  18  2:15  Probe (Chrono Boost)  
  19  2:17  Pylon  
  19  2:26  Pylon  
  18  2:51  Cybernetics Core  
  18  2:55  Assimilator  
  18  3:01  Assimilator  
  18  3:14  Photon Cannon  
  18  3:16  Photon Cannon  
  18  3:21  Pylon  
  18  3:26  Pylon  
  18  3:34  Probe (Chrono Boost)  
  19  3:42  Photon Cannon  
  19  3:44  Photon Cannon  
  19  3:52  Zealot  
  21  4:04  Pylon  
  21  4:14  Photon Cannon  
  21  4:17  Probe (Chrono Boost)  
  22  4:25  Stalker (Chrono Boost)  
  22  4:28  Probe  
  22  4:29  Warp Gate  
  25  4:33  Pylon  
  25  4:42  Pylon  
  25  4:57  Stalker (Chrono Boost)  
  26  5:01  Probe  
  27  5:13  Probe  
  28  5:19  Robotics Facility  
  28  5:45  Nexus  
  28  5:52  Stalker (Chrono Boost)  
  30  5:59  Probe  
  31  6:08  Observer  
  33  6:11  Probe  
  33  6:16  Gateway  
  33  6:22  Gateway  
  33  6:43  Immortal  
  37  6:49  Sentry  
  39  6:57  Pylon  
  39  7:18  Gateway  
  39  7:22  Gateway  
  39  7:25  Pylon  
  39  7:31  Stalker  
  39  7:35  Stalker  
  43  7:39  Probe  
  44  7:47  Stalker  
  44  7:59  Stalker  
  40  8:16  Stalker  
  40  8:17  Stalker  
  44  8:23  Immortal  
  48  8:28  Probe  
  48  8:29  Probe  
  50  8:38  Probe  
  51  8:41  Probe  
  51  8:48  Mothership Core  
  54  9:07  Nexus  
  54  9:16  Twilight Council  
  54  9:17  Protoss Ground Weapons Level 1 (Chrono Boost)  
  54  9:28  Stalker  
  56  9:43  Stalker  
  56  9:44  Stalker  
  56  9:45  Pylon  
  60  9:47  Stalker  
  60  9:48  Probe  
  60  9:50  Probe  
  64  9:56  Assimilator  
  64  10:01  Assimilator  
  64  10:17  Stalker x2  
  64  10:18  Stalker  
  64  10:21  Probe x2  
  70  10:22  Probe  
  73  10:31  Probe  
  73  10:32  Probe  
  73  10:35  Probe  
  76  10:40  Immortal  
  76  10:42  Probe  
  80  10:46  Pylon  
  81  10:51  Blink (Chrono Boost)  
  81  10:54  Probe x2  
  81  10:55  Probe  
  84  11:04  Probe  
  84  11:07  Protoss Shields Level 1  
  85  11:14  Stargate  
  85  11:23  Probe x2  
  85  11:24  Probe  
  88  11:30  Assimilator  
  88  11:33  Probe  
  88  11:36  Probe, Assimilator, Stalker x2  
  88  11:38  Stalker  
  96  11:54  Immortal  
  96  11:55  Pylon  
  100  12:01  Robotics Facility  
  100  12:08  Void Ray (Chrono Boost)  
  104  12:29  Stalker x4  
  112  12:31  Stalker  
  114  12:53  Pylon  
  114  12:54  Pylon  
  116  12:58  Immortal  
  114  13:09  Pylon  
Tags
 
Add a new tag
Caveats
  • Supply blocks, unpowered buildings, or Contaminate may cause inaccurate times.
  • Supply counts are checked every 10 seconds.